 Dungeon Crawl Stone Soup version 0.24-a0-487-g57318f2 (webtiles) character file.

Game seed: 11061032322690995479

29 CowFu the Cudgeler (level 3, -3/36 HPs)
             Began as an Ogre Skald on July 9, 2019.
             Slain by an ogre
             ... wielding a +0 giant club
              (22 damage)
             ... on level 2 of the Dungeon.
             The game lasted 00:01:30 (1468 turns).

CowFu the Cudgeler (Ogre Skald)                     Turns: 1468, Time: 00:01:30

Health: -3/36      AC:  3    Str: 16    XL:     3   Next: 16%
Magic:  2/6        EV: 10    Int: 14    God:
Gold:   118        SH:  0    Dex:  8    Spells: 5/6 levels left

rFire    . . .     SeeInvis .   a - +0 mace
rCold    . . .     Gourm    .   (no shield)
rNeg     . . .     Faith    .   b - +0 robe
rPois    .         Spirit   .   (helmet restricted)
rElec    .         Reflect  .   (no cloak)
rCorr    .         Harm     .   (gloves unavailable)
MR       .....                  (boots unavailable)
Stlth    +.........             (no amulet)
HPRegen  0.12/turn              (no ring)
MPRegen  0.10/turn              (no ring)

@: infused
A: large, unfitting armour, tough skin 1
a: no special abilities


You were on level 2 of the Dungeon.
You were hungry.

You visited 1 branch of the dungeon, and saw 2 of its levels.

You collected 118 gold pieces.

Inventory:

Hand Weapons
 a - a +0 mace (weapon)
Armour
 b - a +0 robe (worn)
Jewellery
 e - an uncursed ring of protection from fire {unknown}
Scrolls
 c - a scroll of teleportation {unknown}
 f - a scroll of enchant weapon {unknown}
 g - a scroll of identify {unknown}
 i - a scroll of random uselessness {unknown}
Potions
 h - 2 potions of haste {unknown}
Comestibles
 d - a ration


   Skills:
 - Level 2.6 Fighting
 + Level 3.2 Maces & Flails
 - Level 2.1 Dodging
 - Level 2.4 Spellcasting
 - Level 2.6 Charms


You had 5 spell levels left.
You knew the following spells:

 Your Spells              Type           Power        Failure   Level  Hunger
a - Infusion              Chrm           #...         8%          1    #......

Your spell library contained the following spells:

 Spells                   Type           Power        Failure   Level  Hunger
 Song of Slaying          Chrm           #.......     12%         2    ###....
 Shroud of Golubria       Chrm/Tloc      #.....       21%         2    ###....
 Regeneration             Chrm/Necr      #.........   36%         3    ###....
 Spectral Weapon          Hex/Chrm       #.......     36%         3    ###....


Dungeon Overview and Level Annotations

Branches:
Dungeon (2/15)

Altars:
Cheibriados


Innate Abilities, Weirdness & Mutations

You are too large for most types of armour.
You have tough skin. (AC +1)


Message History

You hit the dart slug.
You kill the dart slug!
Firing (i - inventory) No suitable missiles.
Press: ? - help, Shift-Dir - straight line, f - ogre
Aim: an ogre, wielding a +0 giant club
Okay, then.
Casting: Infusion (safe; 8% risk of failure)
Confirm with . or Enter, or press ? or * to list all spells.
You begin infusing your attacks with magical energy.
You thump the ogre!
The ogre is moderately wounded.
The ogre hits you with a +0 giant club!
You hit the ogre.
The ogre is heavily wounded.
The ogre closely misses you.
You hit the ogre.
The ogre is heavily wounded.
The ogre hits you with a +0 giant club!!
Ouch! That really hurt!
You die...

##### #.# #.#
#.# #.# #O#
#.# #.#
#.###########
#....O@.....#
###########.#
#.# #.# #.#
#.# #.# #.#
#.#


You could see an ogre.

Vanquished Creatures
  A dart slug (D:2)
  A leopard gecko (D:1)
  4 bats
  A giant cockroach (D:1)
  A goblin (D:1)
  3 hobgoblins (D:1)
  4 jackals (D:1)
  5 kobolds (D:1)
  3 rats (D:1)
23 creatures vanquished.

Notes
Turn   | Place    | Note
-------+----------+-------------------------------------------
     0 | D:1      | CowFu the Ogre Skald began the quest for the Orb.
     0 | D:1      | Reached XP level 1. HP: 22/22 MP: 3/3
   135 | D:1      | Reached skill level 2 in Maces & Flails
   420 | D:1      | Reached XP level 2. HP: 20/29 MP: 0/5
   927 | D:1      | Reached skill level 3 in Maces & Flails
  1026 | D:1      | Reached XP level 3. HP: 36/36 MP: 6/6
  1438 | D:2      | Found a snail-covered altar of Cheibriados.
  1439 | D:2      | Noticed an ogre
  1468 | D:2      | Slain by an ogre

Levels and vault maps discovered:
D:1:      kennysheep_arrival_forest, layout_loops_corners, minmay_pentomino_u2
D:2:      layout_basic, lemuel_round_altar, kennysheep_slug_shrine

Skill      XL: |  1  2 |
---------------+-------+-----
Maces & Flails | 2 3 |  3.2
Fighting       | |  2.6
Dodging        | |  2.1
Spellcasting   | |  2.4
Charms         | |  2.6

Action                   || total
-------------------------++-------
Melee: Mace              ||    57
 Cast: Infusion          ||     7
  Eat: Chunk             ||     1
Armor: Robe              ||    21
Dodge: Dodged            ||    40

Table legend:
 A = Non-vault XP
 B = Vault XP
 C = Vault XP percentage of total XP
 D = Non-vault monster count
 E = Vault monster count
 F = Vault count percentage of total count
                 A         B        C        D         E       F
            +---------+---------+-------+---------+---------+-------
      Total |      34 |       8 |  19.0 |      20 |       3 |  13.0
            +---------+---------+-------+---------+---------+-------
        D:1 |      33 |       4 |  10.8 |      19 |       2 |   9.5
        D:2 |       1 |       4 |  80.0 |       1 |       1 |  50.0
            +---------+---------+-------+---------+---------+-------
